 Dungeon Crawl Stone Soup version 0.17-a0-1510-gb3fb22e (webtiles) character file.

285 urechis the Covert (level 6, 0/37 HPs)
             Began as a Kobold Berserker on July 11, 2015.
             Was a Priest of Trog.
             Killed from afar by Blork the orc (10 damage)
             ... with a puff of flame
             ... on level 4 of the Dungeon.
             The game lasted 00:04:48 (2660 turns).

urechis the Covert (Kobold Berserker)               Turns: 2660, Time: 00:04:50

Health: 0/37       AC:  4    Str: 15    XL:     6   Next: 55%
Magic:  6/6        EV: 20    Int:  5    God:    Trog [***...]
Gold:   188        SH:  0    Dex: 22    Spells: 0 memorised, 5 levels left

rFire  . . .     SeeInvis .     a - +3 rapier (drain)
rCold  . . .     Clarity  .     i - +0 leather armour
rNeg   . . .     SustAt   .     (shield restricted)
rPois  .         Gourm    .     (no helmet)
rElec  .         Spirit   .     h - +0 cloak
rCorr  .         Warding  .     (no gloves)
rMut   .         Stasis   .     (no boots)
MR     ++...                    (no amulet)
Stlth  +++++.....               r - +5 ring of evasion
                                s - +4 ring of dexterity

@: regenerating, very resistant to hostile enchantments, quite stealthy
A: carnivore 3
a: Burn Spellbooks, Berserk, Trog's Hand, Renounce Religion


You were on level 4 of the Dungeon.
You worshipped Trog.
Trog was most pleased with you.
You were very full.

You visited 1 branch of the dungeon, and saw 4 of its levels.

You collected 188 gold pieces.

Inventory:

Hand weapons
 a - a +3 rapier of draining (weapon)
Missiles
 p - 26 poisoned needles
 v - 4 tomahawks of returning (quivered)
Armour
 h - a +0 cloak (worn)
 i - a +0 leather armour (worn)
Jewellery
 n - an uncursed ring of poison resistance
 r - a +5 ring of evasion (right hand)
 s - a +4 ring of dexterity (left hand)
Scrolls
 b - 2 scrolls of remove curse {unknown}
 f - 2 scrolls of magic mapping {unknown}
 g - a scroll of recharging {unknown}
 j - 3 scrolls of random uselessness {unknown}
 m - a scroll of teleportation {unknown}
 q - a scroll of identify {unknown}
 w - a scroll of fog {unknown}
Potions
 d - a potion of curing {unknown}
 e - 3 potions of degeneration {unknown}
 k - a potion of brilliance {unknown}
 l - a potion of haste {unknown}
 o - a potion of agility {unknown}
Comestibles
 c - 2 meat rations


   Skills:
 - Level 3.2 Fighting
 - Level 4.0 Short Blades
 - Level 1.5 Armour
 - Level 2.4 Dodging
 + Level 8.7 Stealth


You had 5 spell levels left.
You didn't know any spells.

Dungeon Overview and Level Annotations

Branches:
Dungeon (4/15)
 Temple: D:4-7

Altars:
Kikubaaqudgha
Okawaru
Ru
Zin

Shops:
D:3 *

Annotations:
D:4 Blork the orc


Innate Abilities, Weirdness & Mutations

You are small and have problems with some larger weapons.
You are carnivorous and can eat meat at any time.


Message History

You miss something. Something barely misses you. Something barely misses you.
You hit something but do no damage. Something closely misses you.
You barely miss something.
You hear some strange, mumbled words.
A puff of flame appears from out of thin air!
The puff of flame misses you.
You hit something but do no damage.
You hear some strange, mumbled words.
A magic dart appears from out of thin air!
The magic dart hits you!
* * * LOW HITPOINT WARNING * * *
Something barely misses you.
Use which ability? (? or * to list)
Your skin crawls.
You feel resistant to hostile enchantments.
You feel slightly less full.
You hear some strange, mumbled words.
A puff of flame appears from out of thin air!
The puff of flame hits you!
You die...

..# ..###. ...# #...#..
....####.......
................
................
.....?...........
.......{.........
.........@........
.........................
.........................
.........................
.........................
.................).......
.........................
.........................
.(.............#..##...##


There were no monsters in sight!

Vanquished Creatures
  Eustachio (D:4)
  An orc priest (D:3)
  3 adders
  2 oozes (D:3)
  6 orcs (D:3)
  A ball python (D:3)
  8 bats
  10 goblins
  11 hobgoblins
  4 quokkas (D:3)
  6 giant cockroaches
  6 giant newts
  12 kobolds
  10 rats
81 creatures vanquished.

Notes
Turn   | Place    | Note
--------------------------------------------------------------
     0 | D:1      | urechis the Kobold Berserker began the quest for the Orb.
     0 | D:1      | Reached XP level 1. HP: 14/14 MP: 1/1
    71 | D:1      | Reached skill level 1 in Stealth
   177 | D:1      | Reached XP level 2. HP: 19/19 MP: 2/2
   448 | D:1      | Reached XP level 3. HP: 14/23 MP: 3/3
   937 | D:2      | Found an iron altar of Okawaru.
   946 | D:2      | Acquired Trog's second power
  1300 | D:2      | Reached XP level 4. HP: 24/28 MP: 4/4
  1464 | D:3      | Reached skill level 5 in Stealth
  1550 | D:3      | Found an ancient bone altar of Kikubaaqudgha.
  2116 | D:3      | Reached skill level 6 in Stealth
  2116 | D:3      | Reached XP level 5. HP: 32/32 MP: 5/5
  2214 | D:3      | Found a sacrificial altar of Ru.
  2232 | D:3      | Received a gift from Trog
  2318 | D:3      | Found Zin's Purification Station.
  2320 | D:3      | Found a glowing silver altar of Zin.
  2502 | D:3      | Reached skill level 7 in Stealth
  2607 | D:4      | Noticed Eustachio
  2619 | D:4      | Killed Eustachio
  2619 | D:4      | Reached skill level 8 in Stealth
  2619 | D:4      | Reached XP level 6. HP: 37/37 MP: 6/6
  2645 | D:4      | Noticed Blork the orc
  2660 | D:4      | Killed from afar by Blork the orc

Vault maps used:
D:1:      minmay_arrival_widening_spiral_narrow
D:2:      okawaru_trees_1
D:3:      kiku_gazebo_pond_becter, zin_purify,
          nicolae_ru_great_annihilating_truth
D:4:      minmay_misc_feat_diagonals, uniq_eustachio, uniq_blork_the_orc,
          uniq_robin, uniq_sigmund

Action                   |  1- 3 |  4- 6 || total
-------------------------+-------+-------++-------
Melee: Short sword       |   115 |   142 ||   257
       Rapier            |       |    12 ||    12
Invok: Berserk           |       |     2 ||     2
       Trog's Hand       |       |     1 ||     1
 Stab: Sleeping          |    12 |    12 ||    24
       Distracted        |       |     2 ||     2
  Eat: Chunk             |     7 |     7 ||    14
